Map: Moonlight Madness LE (Void)

Players

lujesen - Winner!

  • Race: Protoss Protoss

Lemmons

  • Race: Zerg Zerg
  • League: Silver

VOD

Have the link to the VOD?

Description

Time

  • Played on: Sept. 28, 2015, 12:46 a.m.
  • Length: 8:50
Show
View Real Time Build Order
Export as new Build Order

lujesen Protoss - Winner!

Build Orders: 1 Gate Expand 

Get SALT Encoding   

  12  0:01  Probe (Chrono Boost)  
  13  0:11  Probe (Chrono Boost)  
  14  0:22  Pylon  
  14  0:23  Probe (Chrono Boost)  
  15  0:39  Probe (Chrono Boost)  
  15  0:42  Gateway  
  16  0:49  Probe (Chrono Boost)  
  17  0:54  Assimilator  
  17  0:59  Probe (Chrono Boost)  
  17  1:03  Assimilator  
  18  1:09  Probe (Chrono Boost)  
  19  1:19  Probe (Chrono Boost)  
  20  1:29  Probe (Chrono Boost)  
  21  1:37  Nexus  
  21  1:53  Cybernetics Core  
  21  1:58  Probe (Chrono Boost)  
  22  2:03  Pylon  
  22  2:08  Probe (Chrono Boost)  
  23  2:21  Probe (Chrono Boost)  
  24  2:23  Gateway  
  24  2:27  Warp Gate (Chrono Boost)  
  24  2:31  Probe (Chrono Boost)  
  24  2:34  Stalker (Chrono Boost)  
  27  2:42  Probe  
  28  2:48  Robotics Facility  
  28  2:52  Probe  
  28  2:54  Probe  
  30  3:04  Probe  
  31  3:06  Probe  
  32  3:16  Pylon  
  32  3:20  Probe x2  
  34  3:27  Adept  
  34  3:28  Gateway  
  34  3:32  Probe  
  34  3:33  Probe  
  38  3:40  Warp Prism (Chrono Boost)  
  38  3:45  Mothership Core, Probe  
  43  3:57  Probe, Pylon  
  44  4:06  Probe (Chrono Boost)  
  45  4:11  Probe (Chrono Boost)  
  45  4:15  Assimilator  
  45  4:16  Pylon  
  46  4:18  Assimilator  
  46  4:19  Probe (Chrono Boost)  
  46  4:20  Twilight Council  
  46  4:21  Observer  
  46  4:22  Probe (Chrono Boost)  
  49  4:39  Adept x3  
  49  4:45  Probe (Chrono Boost)  
  56  4:48  Immortal (Chrono Boost)  
  56  4:49  Probe (Chrono Boost)  
  61  4:55  Probe (Chrono Boost)  
  61  4:56  Forge  
  60  5:00  Probe (Chrono Boost)  
  60  5:05  Probe (Chrono Boost)  
  62  5:10  Probe (Chrono Boost), Adept  
  65  5:15  Probe (Chrono Boost)  
  66  5:25  Probe  
  66  5:27  Probe  
  68  5:29  Protoss Ground Armor Level 1 (Chrono Boost)  
  68  5:30  Pylon  
  68  5:34  Forge  
  68  5:36  Pylon  
  68  5:42  Immortal (Chrono Boost)  
  68  5:44  Pylon  
  68  5:49  Sentry  
  74  5:50  Sentry  
  74  5:51  Shield Upgrade (Chrono Boost)  
  76  6:01  Pylon  
  76  6:07  Gateway  
  76  6:08  Protoss Ground Weapons Level 1 (Chrono Boost)  
  76  6:10  Stalker, Gateway  
  78  6:16  Immortal  
  82  6:28  Stalker x2  
  82  6:29  Nexus  
  82  6:30  Pylon  
  86  6:58  Probe x2  
  88  7:02  Sentry x2, Immortal  
  96  7:08  Photon Cannon  
  96  7:12  Photon Cannon  
  96  7:15  Gateway, Assimilator  
  96  7:17  Gateway  
  96  7:19  Assimilator  
  96  7:21  Gateway  
  96  7:23  Pylon  
  96  7:41  Probe  
  96  7:43  Probe x2  
  99  7:50  Templar Archives  
  99  7:52  Pylon  
  99  7:55  Probe x2  
  99  7:57  Probe  
  102  8:00  Adept  
  102  8:01  Stalker, Adept x2  
  102  8:02  Stalker, Gateway  
  112  8:05  Gateway  
  112  8:07  Probe  
  112  8:09  Probe  
  114  8:33  Adept x3  
  114  8:34  Adept x5  
Show
View Real Time Build Order
Export as new Build Order

Lemmons Zerg 

Build Orders: Hatch First 

Get SALT Encoding   

  12  0:01  Drone  
  13  0:09  Drone  
  14  0:16  Overlord  
  14  0:34  Drone  
  14  0:35  Drone x2  
  17  0:46  Drone  
  18  0:59  Hatchery, Drone  
  18  1:07  Drone  
  19  1:16  Spawning Pool  
  18  1:18  Extractor  
  18  1:20  Drone  
  18  1:31  Drone  
  19  1:41  Drone  
  20  2:02  Drone  
  20  2:03  Drone  
  22  2:10  Queen  
  22  2:11  Overlord  
  24  2:16  Extractor  
  24  2:21  Drone  
  24  2:22  Drone  
  25  2:25  Drone  
  26  2:31  Queen  
  26  2:33  Zergling x2  
  29  2:48  Drone  
  29  2:51  Drone x2  
  32  3:05  Drone x2  
  34  3:06  Roach Warren  
  34  3:08  Drone x2  
  35  3:16  Metabolic Boost  
  35  3:27  Overlord x2  
  35  3:28  Overlord  
  35  3:34  Hatchery  
  34  3:46  Drone  
  34  3:47  Drone x2  
  34  3:48  Evolution Chamber x2  
  36  3:49  Drone x3  
  36  3:50  Drone  
  36  3:53  Drone  
  40  4:09  Drone  
  41  4:10  Drone x2  
  42  4:19  Spine Crawler  
  42  4:21  Roach x3  
  42  4:24  Zerg Missile Weapons Level 1, Zerg Ground Armor Level 1  
  47  4:29  Lair  
  47  4:40  Roach x2  
  47  4:43  Overlord x2  
  51  5:05  Drone x4  
  51  5:06  Drone x9  
  64  5:08  Extractor  
  64  5:11  Extractor  
  55  5:50  Spine Crawler  
  55  5:56  Drone x3  
  58  5:57  Drone x7  
  58  5:58  Drone x4  
  68  6:10  Roach x3  
  74  6:15  Hydralisk Den  
  73  6:22  Glial Reconstitution  
  73  6:41  Overlord  
  73  6:42  Overlord  
  73  6:46  Queen  
  65  7:04  Drone x2  
  65  7:05  Drone x2  
  65  7:06  Drone x15  
  84  7:09  Extractor  
  84  7:11  Extractor  
  82  7:17  Muscular Augments  
  82  7:18  Hydralisk  
  82  7:19  Hydralisk x3  
  89  7:47  Spine Crawler  
  88  7:53  Overlord x5  
  88  8:15  Hydralisk x3  
  88  8:16  Hydralisk x12  
  118  8:23  Hatchery  
Tags
 
Add a new tag
Caveats
  • Supply blocks, unpowered buildings, or Contaminate may cause inaccurate times.
  • Supply counts are checked every 10 seconds.